 Dungeon Crawl Stone Soup version 0.16-a0-3724-gf14d081 (webtiles) character file.

163 SkaryMonk the Cutter (level 5, -11/41 HPs)
             Began as a Demigod Wanderer on Jan 21, 2015.
             Mangled by a gnoll
             ... wielding a +0 halberd
              (13 damage)
             ... on level 2 of the Dungeon.
             The game lasted 00:11:46 (2207 turns).

SkaryMonk the Cutter (Demigod Wanderer)             Turns: 2207, Time: 00:11:47

Health: -11/41     AC:  5    Str: 15      XL:     5   Next: 0%
Magic:  8/8        EV: 18    Int: 17      God:
Gold:   147        SH:  0    Dex: 20 (21) Spells: 0 memorised, 4 levels left

rFire  . . .     SeeInvis .     a - +2 dagger
rCold  . . .     Clarity  .     e - +0 robe
rNeg   . . .     SustAb   +     (no shield)
rPois  .         Gourm    .     t - +0 helmet
rElec  .         Spirit   .     i - +0 cloak
rCorr  .         Warding  .     j - +0 pair of gloves
rMut   .         Stasis   .     (no boots)
MR     .....                    (no amulet)
Stlth  +++.......               (no ring)
                                (no ring)

@: agile, very slightly contaminated, not resistant to hostile enchantments,
fairly stealthy
A: sustain abilities
a: no special abilities


You were on level 2 of the Dungeon.
You were not hungry.

You visited 1 branch of the dungeon, and saw 3 of its levels.

You collected 147 gold pieces.

Notes
Turn   | Place    | Note
--------------------------------------------------------------
     0 | D:1      | SkaryMonk, the Demigod Wanderer, began the quest for the Orb.
     0 | D:1      | SkaryMonk set off with: a +2 dagger, a scroll of fear, a potion of lignification, a +0 spear, a +0 robe, a bread ration
     0 | D:1      | Reached XP level 1. HP: 17/17 MP: 2/2
   106 | D:1      | Reached skill level 1 in Short Blades
   295 | D:1      | Reached XP level 2. HP: 18/24 MP: 3/3
   713 | D:2      | Reached skill level 2 in Short Blades
   863 | D:2      | Noticed Robin
   879 | D:2      | Killed Robin
   879 | D:2      | Reached XP level 3. HP: 25/29 MP: 5/5
   971 | D:2      | Reached skill level 3 in Short Blades
  1473 | D:2      | Reached XP level 4. HP: 29/36 MP: 7/7
  1963 | D:2      | Reached skill level 4 in Short Blades
  2130 | D:2      | Noticed Crazy Yiuf
  2138 | D:2      | Killed Crazy Yiuf
  2201 | D:2      | Reached XP level 5. HP: 14/41 MP: 8/8
  2205 | D:2      | HP: 1/41 [gnoll/halberd (11)]
  2207 | D:2      | Mangled by a gnoll

Inventory:

Hand weapons
 a - a +2 dagger (weapon)
 b - a +0 hunting sling of velocity
 d - a +0 spear
 p - a +0 dagger
Missiles
 c - 14 stones (quivered)
 y - 23 sling bullets
Armour
 e - a +0 robe (worn)
 i - a +0 cloak (worn)
 j - a +0 pair of gloves (worn)
 k - a +0 shield
 t - a +0 helmet (worn)
Scrolls
 n - a scroll of magic mapping {unknown}
 o - a scroll of noise
 q - a scroll of immolation {unknown}
 r - a scroll of recharging
 s - a scroll of amnesia
 u - a scroll of identify
Potions
 h - a potion of curing
 m - a potion of agility
Comestibles
 f - a bread ration
 w - 4 chunks of flesh

Table legend:
 A = Turns spent in this place as a percentage of turns spent in the entire game.
 B = Non-inter-level travel turns spent in this place as a percentage of non-inter-level travel turns spent in the entire game.
 C = Inter-level travel turns spent in this place as a percentage of turns spent in this place.
 D = Turns resting spent in this place as a percentage of non-inter-level travel turns spent in this place.
 E = Turns spent auto-exploring this place as a percentage of non-inter-level travel turns spent in this place.
 F = Non-inter-level travel turns spent in this place divided by the number of levels of this place that you've seen.
                   A       B       C       D       E      F
               +-------+-------+-------+-------+-------+----------------------
         Total | 100.0 | 100.0 |   0.6 |   3.5 |   8.2 | 238.7
       Dungeon | 100.0 | 100.0 |   0.6 |   3.5 |   8.2 | 238.7
               +-------+-------+-------+-------+-------+----------------------


   Skills:
 - Level 1.7 Fighting
 + Level 4.5(4.6) Short Blades
   Level 1.0(3.0) Long Blades
 - Level 1.7 Polearms
 - Level 1.7 Dodging
 - Level 1.7 Stealth
 - Level 1.0 Shields


You had 4 spell levels left.
You didn't know any spells.

Dungeon Overview and Level Annotations

Branches:
Dungeon (3/15)


Innate Abilities, Weirdness & Mutations

Your attributes are resistant to harm.


Message History

You hit the adder.
You kill the adder!
You have reached level 5!
You closely miss the gnoll. The gnoll hits you with a halberd.
* * * LOW HITPOINT WARNING * * *
You hit the gnoll.
The gnoll is lightly wounded.
You hit the gnoll.
The gnoll is heavily wounded.
The gnoll completely misses you.
You hit the gnoll but do no damage.
The gnoll is heavily wounded.
The gnoll hits you with a halberd!
* * * LOW HITPOINT WARNING * * *
You closely miss the gnoll.
The gnoll is heavily wounded.
You closely miss the gnoll.
The gnoll is heavily wounded.
The gnoll hits you with a halberd!
You die...

####### ##........##..#...#
#...(.# #............##.#.# #
#####.###..........#.##.#.## #
#...#..........#.##.#..## #
###...........##.##.#...# #
###..........#.##.#...#####
#........#.#....#........
#####......#.#....#...#####
#######.....###.@#...).(#...#####
.............))..g..............#
###..........##..###.............
###..........##.........#........
#............####................
#.#..#.......)......#............
#...############.................
.....................##.#........
.....###########...............<.


You could see a gnoll.

Table legend:
 A = Kills in this place as a percentage of kills in entire the game.
 B = Kills by you in this place as a percentage of kills by you in the entire game.
 C = Kills by friends in this place as a percentage of kills by friends in the entire game.
 D = Other kills in this place as a percentage of other kills in the entire game.
 E = Experience gained in this place as a percentage of experience gained in the entire game.
 F = Experience gained in this place divided by the number of levels of this place that you have seen.
                   A       B       C       D       E      F
               +-------+-------+-------+-------+-------+----------------------
         Total | 100.0 | 100.0 |  -nan |  -nan | 100.0 |  77.7
       Dungeon | 100.0 | 100.0 |  -nan |  -nan | 100.0 |  77.7
               +-------+-------+-------+-------+-------+----------------------

Vanquished Creatures
  Crazy Yiuf (D:2)
  Robin (D:2)
  2 adders (D:2)
  3 gnolls
  3 worms (D:2)
  A giant gecko (D:2)
  An ooze (D:1)
  3 ball pythons
  3 bats
  3 giant cockroaches
  9 hobgoblins
  2 jackals (D:2)
  A quokka (D:2)
  2 giant newts (D:2)
  12 goblins
  4 kobolds (D:2)
  5 rats
56 creatures vanquished.

Action                   |  1- 3 |  4- 6 || total
-------------------------+-------+-------++-------
Melee: Dagger            |   161 |    64 ||   225
 Fire: Hunting sling     |    22 |     4 ||    26
Throw: Throwing net      |       |     2 ||     2
  Use: Potion            |     3 |     2 ||     5
       Scroll            |     2 |     4 ||     6
 Stab: Sleeping          |     2 |     1 ||     3
       Invisible         |       |     2 ||     2
  Eat: Chunk             |     2 |     2 ||     4

Vault maps used:
D:1:      nicolae_arrival_somewhat_less_tricky_arrival, solitary_fountain,
          minmay_misc_feat_room
D:2:      hex_intersection, uniq_robin, uniq_crazy_yiuf_cottage
D:3:      uniq_grinder
